| TOP OF THE 1ST |
|
Harrisburg Senators batting - Pitching for Reading Fightin Phils : RHP Chris Perteet
|
|
Pitching: RHP Chris Perteet
|
|
|
Batting: RHB Pat Drader
|
0-0: Ball 1-0: Called Strike 1-1: Ball 2-1: SINGLE (Groundball, 56D, EV 103.1 MPH)
|
|
Batting: RHB Ryan Hiemer
|
0-0: Called Strike 0-1: Ball 1-1: Swinging Strike 1-2: Foul Ball, location: 2F 1-2: Ball 2-2: Foul Ball, location: 2F 2-2: Strikes out looking
|
|
Batting: LHB John Luke
|
0-0: Ball Pat Drader steals 2nd base (no throw) 1-0: Ball 2-0: Ball 3-0: Called Strike 3-1: Foul Ball, location: 2F 3-2: Foul Ball, location: 2F 3-2: Base on Balls
|
|
Batting: RHB Rene Montoya
|
0-0: Called Strike 0-1: Fielders Choice at 2nd, 6-4 (Groundball, 56D, EV 104.4 MPH) Pat Drader to third
|
|
Batting: RHB Ben Welt
|
0-0: Fielders Choice at 2nd, 6-4 (Groundball, 6, EV 90.6 MPH)
|
| Top of the 1st over - 0 runs, 1 hit, 0 errors, 2 left on base; Harrisburg 0 - Reading 0 |
| BOTTOM OF THE 1ST |
|
Reading Fightin Phils batting - Pitching for Harrisburg Senators : RHP Cory Jones
|
|
Pitching: RHP Cory Jones
|
|
|
Batting: RHB Alberto Ramirez
|
0-0: Called Strike 0-1: Swinging Strike 0-2: Strikes out looking
|
|
Batting: RHB Steve Jones
|
0-0: Foul Ball, location: 2F 0-1: Ball 1-1: Foul Ball, location: 2F 1-2: Foul Ball, location: 2F 1-2: Ball 2-2: Foul Ball, location: 2F 2-2: Ball 3-2: Foul Ball, location: 2F 3-2: Base on Balls
|
|
Batting: RHB Alan Weller
|
0-0: Ball 1-0: Called Strike 1-1: Fielders Choice at 2nd, 6-4 (Groundball, 6, EV 91.9 MPH)
|
|
Batting: LHB Josh George
|
0-0: Called Strike 0-1: Foul Ball, location: 2F 0-2: SINGLE (Groundball, 13S, EV 70.6 MPH) (infield hit) Alan Weller to second
|
|
Batting: RHB Zach Downs
|
0-0: Called Strike 0-1: Ball 1-1: Ball 2-1: Ball 3-1: Called Strike 3-2: Foul Ball, location: 2F 3-2: Foul Ball, location: 2F 3-2: SINGLE (Groundball, 56, EV 99.4 MPH) Alan Weller to third Josh George to second Alan Weller scores Josh George to third
|
|
Batting: LHB Danny Zuniga
|
0-0: Ball 1-0: Ball 2-0: Called Strike 2-1: DOUBLE (Line Drive, 5D, EV 106.2 MPH) Josh George scores Zach Downs to third Runner from 3rd tries for Home, SAFE, throw by LF to home
|
|
Batting: RHB Matt McDevitt
|
0-0: Ball 1-0: Foul Ball, location: 2F 1-1: Swinging Strike Balk! Danny Zuniga to third 1-2: Strikes out swinging
|
| Bottom of the 1st over - 3 runs, 3 hits, 0 errors, 1 left on base; Harrisburg 0 - Reading 3 |
| TOP OF THE 2ND |
|
Harrisburg Senators batting - Pitching for Reading Fightin Phils : RHP Chris Perteet
|
|
Batting: LHB Erik Beezley
|
0-0: Fly out, F8 (Line Drive, 8LM, EV 86.9 MPH)
|
|
Batting: RHB Tony Madrigal
|
0-0: SINGLE (Flyball, 56D, EV 97.5 MPH)
|
|
Batting: RHB Marcus Dawson
|
0-0: Called Strike 0-1: Ball 1-1: Foul Ball, location: 2F 1-2: Foul Ball, location: 2F 1-2: Foul Ball, location: 2F 1-2: Ball Wild Pitch! Tony Madrigal to second 2-2: Ball 3-2: Strikes out swinging
|
|
Batting: RHB Josh Lykins
|
0-0: Called Strike 0-1: Fly out, F8 (Line Drive, 8LD, EV 96.2 MPH)
|
| Top of the 2nd over - 0 runs, 1 hit, 0 errors, 1 left on base; Harrisburg 0 - Reading 3 |
| BOTTOM OF THE 2ND |
|
Reading Fightin Phils batting - Pitching for Harrisburg Senators : RHP Cory Jones
|
|
Batting: RHB Frank Ramirez
|
0-0: SINGLE (Groundball, 34S, EV 70.6 MPH) (infield hit)
|
|
Batting: RHB Cory Bonham
|
0-0: Ball 1-0: Called Strike 1-1: Ball 2-1: Called Strike 2-2: DOUBLE (Line Drive, 7LD, EV 103.1 MPH) Frank Ramirez to third
|
|
Batting: RHB Alberto Ramirez
|
0-0: Ball 1-0: Ball 2-0: Swinging Strike 2-1: Ball 3-1: Base on Balls
|
|
Batting: RHB Steve Jones
|
0-0: Ball 1-0: Foul Ball, location: 2F 1-1: SINGLE (Groundball, 56D, EV 108.1 MPH) Frank Ramirez scores Cory Bonham to third Alberto Ramirez to second Runner from 3rd tries for Home, throw by LF and OUT! 7-2 Alberto Ramirez to third Steve Jones to second
|
|
Batting: RHB Alan Weller
|
0-0: Called Strike 0-1: Called Strike 0-2: Ball 1-2: Ball 2-2: Strikes out looking
|
|
Batting: LHB Josh George
|
0-0: Ball 1-0: SINGLE (Groundball, 4MD, EV 110.6 MPH) Alberto Ramirez scores Steve Jones to third Runner from 3rd tries for Home, SAFE, throw by CF to home
|
|
Pitching: RHP Ramon Rodriguez
|
|
|
Batting: RHB Zach Downs
|
0-0: Ball 1-0: Ball 2-0: Swinging Strike 2-1: Ground out 1-3 (Groundball, P, EV 71.9 MPH)
|
| Bottom of the 2nd over - 3 runs, 4 hits, 0 errors, 1 left on base; Harrisburg 0 - Reading 6 |
| TOP OF THE 3RD |
|
Harrisburg Senators batting - Pitching for Reading Fightin Phils : RHP Chris Perteet
|
|
Batting: RHB Pat Drader
|
0-0: Ball 1-0: Ball 2-0: Foul Ball, location: 2F 2-1: Ball 3-1: Base on Balls
|
|
Batting: RHB Ryan Hiemer
|
0-0: Called Strike Pat Drader steals 2nd base 0-1: Ground out 6-3 (Groundball, 6, EV 98.8 MPH)
|
|
Batting: LHB John Luke
|
0-0: Called Strike 0-1: Called Strike 0-2: Ball 1-2: Strikes out looking
|
|
Batting: RHB Rene Montoya
|
0-0: Called Strike 0-1: Swinging Strike 0-2: Fly out, F9 (Flyball, 89M, EV 85.0 MPH)
|
| Top of the 3rd over - 0 runs, 0 hits, 0 errors, 1 left on base; Harrisburg 0 - Reading 6 |
| BOTTOM OF THE 3RD |
|
Reading Fightin Phils batting - Pitching for Harrisburg Senators : RHP Ramon Rodriguez
|
|
Batting: LHB Danny Zuniga
|
0-0: Ground out 5-3 (Groundball, 6, EV 82.5 MPH)
|
|
Batting: RHB Matt McDevitt
|
0-0: Fly out, F4 (Popup, 34S, EV 79.4 MPH)
|
|
Batting: RHB Frank Ramirez
|
0-0: Ball 1-0: Swinging Strike 1-1: Called Strike 1-2: Ball 2-2: Foul Ball, location: 2F 2-2: Ball 3-2: Strikes out swinging
|
| Bottom of the 3rd over - 0 runs, 0 hits, 0 errors, 0 left on base; Harrisburg 0 - Reading 6 |
| TOP OF THE 4TH |
|
Harrisburg Senators batting - Pitching for Reading Fightin Phils : RHP Chris Perteet
|
|
Batting: RHB Ben Welt
|
0-0: Foul Ball, location: 2F 0-1: Ball 1-1: Ball 2-1: Ball 3-1: SINGLE (Line Drive, 7LM, EV 97.5 MPH)
|
|
Batting: LHB Erik Beezley
|
0-0: Called Strike 0-1: Fly out, F8 (Flyball, 78S, EV 87.5 MPH)
|
|
Batting: RHB Tony Madrigal
|
0-0: Called Strike 0-1: Ball 1-1: Ball 2-1: Foul Ball, location: 2F 2-2: Strikes out swinging
|
|
Batting: RHB Marcus Dawson
|
0-0: Ball 1-0: Ball 2-0: SINGLE (Line Drive, 9S, EV 101.2 MPH) Ben Welt to second
|
|
Batting: RHB Josh Lykins
|
0-0: Fly out, F9 (Flyball, 9, EV 96.9 MPH)
|
| Top of the 4th over - 0 runs, 2 hits, 0 errors, 2 left on base; Harrisburg 0 - Reading 6 |
| BOTTOM OF THE 4TH |
|
Reading Fightin Phils batting - Pitching for Harrisburg Senators : RHP Ramon Rodriguez
|
|
Batting: RHB Cory Bonham
|
0-0: Foul Ball, location: 2F 0-1: SINGLE (Groundball, 34D, EV 97.5 MPH)
|
|
Batting: RHB Alberto Ramirez
|
0-0: Ball 1-0: Foul Ball, location: 2F 1-1: Ball 2-1: Swinging Strike 2-2: Strikes out swinging
|
|
Batting: RHB Steve Jones
|
0-0: Called Strike 0-1: Ball 1-1: Ball 2-1: Fly out, F7 (Flyball, 7, EV 81.9 MPH)
|
|
Batting: RHB Alan Weller
|
0-0: Swinging Strike 0-1: Foul Ball, location: 2F 0-2: SINGLE (Line Drive, 4D, EV 95.0 MPH) Cory Bonham to second Runner from 2nd tries for 3rd, OUT! 8-5
|
| Bottom of the 4th over - 0 runs, 2 hits, 0 errors, 1 left on base; Harrisburg 0 - Reading 6 |
| TOP OF THE 5TH |
|
Harrisburg Senators batting - Pitching for Reading Fightin Phils : RHP Chris Perteet
|
|
Batting: RHB Pat Drader
|
0-0: Ball 1-0: Called Strike 1-1: Ball 2-1: Ball 3-1: Fly out, F8 (Flyball, 89D, EV 88.1 MPH)
|
|
Batting: RHB Ryan Hiemer
|
0-0: Ball 1-0: SINGLE (Groundball, P, EV 81.9 MPH) (infield hit)
|
|
Batting: LHB John Luke
|
0-0: Foul Ball, location: 2F 0-1: Ball Ryan Hiemer steals 2nd base 1-1: Ball 2-1: Fly out, F7 (Flyball, 7LD, EV 95.0 MPH) Runner from 2nd tags up, SAFE at 3rd, no throw by LF
|
|
Batting: RHB Rene Montoya
|
0-0: Called Strike 0-1: Swinging Strike 0-2: Ball 1-2: Ball 2-2: DOUBLE (Line Drive, 3D, EV 95.0 MPH) Ryan Hiemer scores
|
|
Batting: RHB Ben Welt
|
0-0: Ball 1-0: Ball 2-0: Ball 3-0: Base on Balls
|
|
Batting: LHB Erik Beezley
|
0-0: Called Strike 0-1: Called Strike 0-2: Strikes out swinging
|
| Top of the 5th over - 1 run, 2 hits, 0 errors, 2 left on base; Harrisburg 1 - Reading 6 |
| BOTTOM OF THE 5TH |
|
Reading Fightin Phils batting - Pitching for Harrisburg Senators : RHP Ramon Rodriguez
|
|
Batting: LHB Josh George
|
0-0: Foul Ball, location: 2F 0-1: Ball 1-1: TRIPLE (Line Drive, 78XD, EV 109.4 MPH)
|
|
Pitching: RHP Danny Hoekenga
|
|
|
Batting: RHB Zach Downs
|
0-0: Called Strike 0-1: Ball 1-1: Ball 2-1: Called Strike 2-2: Ball 3-2: Strikes out swinging
|
|
Batting: LHB Danny Zuniga
|
0-0: TRIPLE (Groundball, 3L, EV 105.6 MPH) Josh George scores
|
|
Batting: RHB Matt McDevitt
|
0-0: Called Strike 0-1: Ball 1-1: Ball 2-1: Ball 3-1: Base on Balls
|
|
Batting: RHB Frank Ramirez
|
0-0: Foul Ball, location: 2F 0-1: Ball 1-1: Ball 2-1: Ball 3-1: Fly out, F7 (Flyball, 78M, EV 81.9 MPH)
|
|
Batting: RHB Cory Bonham
|
0-0: Ball 1-0: Ball 2-0: Ball 3-0: Swinging Strike 3-1: Called Strike 3-2: Strikes out looking
|
| Bottom of the 5th over - 1 run, 2 hits, 0 errors, 2 left on base; Harrisburg 1 - Reading 7 |
| TOP OF THE 6TH |
|
Harrisburg Senators batting - Pitching for Reading Fightin Phils : RHP Chris Perteet
|
|
Pitching: LHP Isaias Felix
|
|
|
Batting: RHB Tony Madrigal
|
0-0: Swinging Strike 0-1: Called Strike 0-2: Ball 1-2: Fly out, F9 (Flyball, 9LM, EV 86.9 MPH)
|
|
Batting: RHB Marcus Dawson
|
0-0: Ball 1-0: Ball 2-0: Ball 3-0: Base on Balls
|
|
Batting: RHB Josh Lykins
|
0-0: Called Strike 0-1: Ball 1-1: Ball 2-1: Ball 3-1: Swinging Strike 3-2: Foul Ball, location: 2F 3-2: Strikes out swinging
|
|
Batting: RHB Pat Drader
|
0-0: Ball 1-0: Ball 2-0: Fly out, F9 (Flyball, 9, EV 83.8 MPH)
|
| Top of the 6th over - 0 runs, 0 hits, 0 errors, 1 left on base; Harrisburg 1 - Reading 7 |
| BOTTOM OF THE 6TH |
|
Reading Fightin Phils batting - Pitching for Harrisburg Senators : RHP Danny Hoekenga
|
|
Batting: RHB Alberto Ramirez
|
0-0: Ball 1-0: SINGLE (Flyball, 9S, EV 88.1 MPH)
|
|
Pitching: LHP Kyle Bachman
|
|
|
Batting: RHB Steve Jones
|
0-0: Ball 1-0: Called Strike 1-1: Fly out, F8 (Flyball, 8RD, EV 98.8 MPH) Runner from 1st tags up, SAFE at 2nd
|
|
Batting: RHB Alan Weller
|
0-0: Ball 1-0: Called Strike 1-1: Fly out, F9 (Flyball, 9, EV 86.2 MPH)
|
|
Batting: LHB Josh George
|
0-0: Ball 1-0: Called Strike 1-1: Ground out 4-3 (Groundball, 4, EV 88.1 MPH)
|
| Bottom of the 6th over - 0 runs, 1 hit, 0 errors, 1 left on base; Harrisburg 1 - Reading 7 |
| TOP OF THE 7TH |
|
Harrisburg Senators batting - Pitching for Reading Fightin Phils : LHP Isaias Felix
|
|
Batting: RHB Ryan Hiemer
|
0-0: Called Strike 0-1: Ball 1-1: Ball 2-1: Called Strike 2-2: Strikes out swinging
|
|
Batting: LHB John Luke
|
0-0: Called Strike 0-1: Called Strike 0-2: Ball 1-2: Foul Ball, location: 2F 1-2: Ball 2-2: Ball 3-2: Ground out 6-3 (Groundball, 56D, EV 85.6 MPH)
|
|
Batting: RHB Rene Montoya
|
0-0: Ball 1-0: Foul Ball, location: 2F 1-1: Foul Ball, location: 2F 1-2: Ground out 6-3 (Groundball, 56, EV 78.8 MPH)
|
| Top of the 7th over - 0 runs, 0 hits, 0 errors, 0 left on base; Harrisburg 1 - Reading 7 |
| BOTTOM OF THE 7TH |
|
Reading Fightin Phils batting - Pitching for Harrisburg Senators : LHP Kyle Bachman
|
|
Batting: RHB Zach Downs
|
0-0: Fly out, F9 (Flyball, 89D, EV 107.5 MPH)
|
|
Batting: LHB Danny Zuniga
|
0-0: Ball 1-0: Ball 2-0: Ball 3-0: Called Strike 3-1: Foul Ball, location: 2F 3-2: Base on Balls
|
|
Batting: RHB Matt McDevitt
|
0-0: Called Strike 0-1: Fly out, F9 (Flyball, 89D, EV 108.8 MPH)
|
|
Batting: RHB Frank Ramirez
|
0-0: Fly out, F8 (Flyball, 8RM, EV 77.5 MPH)
|
| Bottom of the 7th over - 0 runs, 0 hits, 0 errors, 1 left on base; Harrisburg 1 - Reading 7 |
| TOP OF THE 8TH |
|
Harrisburg Senators batting - Pitching for Reading Fightin Phils : LHP Isaias Felix
|
|
Batting: RHB Ben Welt
|
0-0: Ball 1-0: Ball 2-0: Ground out 4-3 (Groundball, 4MS, EV 91.2 MPH)
|
|
Batting: RHB Kevin Wick
|
0-0: Ball 1-0: Foul Ball, location: 2F 1-1: Ball 2-1: Foul Ball, location: 2F 2-2: SINGLE (Groundball, 56D, EV 101.9 MPH)
|
|
Batting: RHB Tony Madrigal
|
0-0: Called Strike 0-1: Foul Ball, location: 2F 0-2: Fielders Choice at 2nd, 1-6 (Groundball, 13S, EV 60.6 MPH)
|
|
Batting: RHB Marcus Dawson
|
0-0: Ball 1-0: Called Strike 1-1: Called Strike 1-2: Foul Ball, location: 2F 1-2: Foul Ball, location: 2F 1-2: Ball 2-2: Strikes out swinging
|
| Top of the 8th over - 0 runs, 1 hit, 0 errors, 1 left on base; Harrisburg 1 - Reading 7 |
| BOTTOM OF THE 8TH |
|
Reading Fightin Phils batting - Pitching for Harrisburg Senators : LHP Kyle Bachman
|
|
Batting: RHB Cory Bonham
|
0-0: Ball 1-0: Foul Ball, location: 2F 1-1: Foul Ball, location: 2F 1-2: Foul Ball, location: 2F 1-2: Strikes out swinging
|
|
Batting: RHB Alberto Ramirez
|
0-0: Called Strike 0-1: Ball 1-1: Fly out, F4 (Popup, 4, EV 61.2 MPH)
|
|
Batting: RHB Steve Jones
|
0-0: Foul Ball, location: 2F 0-1: Foul Ball, location: 2F 0-2: Ball 1-2: Ball 2-2: Strikes out swinging
|
| Bottom of the 8th over - 0 runs, 0 hits, 0 errors, 0 left on base; Harrisburg 1 - Reading 7 |
| TOP OF THE 9TH |
|
Harrisburg Senators batting - Pitching for Reading Fightin Phils : LHP Isaias Felix
|
|
Batting: RHB Josh Lykins
|
0-0: Ball 1-0: Fly out, F8 (Flyball, 8LM, EV 77.5 MPH)
|
|
Batting: RHB Pat Drader
|
0-0: Swinging Strike 0-1: Ball 1-1: Swinging Strike 1-2: Ball 2-2: SINGLE (Groundball, 4MD, EV 103.8 MPH) (infield hit)
|
|
Pitching: RHP T.J. Gray
|
|
|
Batting: RHB Ryan Hiemer
|
0-0: Ball 1-0: Ball 2-0: Ground out 4-3 (Groundball, 4MS, EV 65.0 MPH) Pat Drader to second
|
|
Batting: LHB John Luke
|
0-0: Swinging Strike 0-1: SINGLE (Groundball, 4D, EV 105.6 MPH) Pat Drader to third
|
|
Batting: RHB Rene Montoya
|
0-0: Ball 1-0: Swinging Strike 1-1: Foul Ball, location: 2F 1-2: Strikes out looking
|
| Top of the 9th over - 0 runs, 2 hits, 0 errors, 2 left on base; Harrisburg 1 - Reading 7 |
|